 Dungeon Crawl Stone Soup version 0.23-a0-169-gb21e695 (webtiles) character file.

12 Amnesiac the Chiller (level 2, -1/19 HPs)
             Began as a Mummy Ice Elementalist on Sept 11, 2018.
             Slain by Jessica (5 damage)
             ... on level 2 of the Dungeon.
             The game lasted 00:01:33 (336 turns).

Amnesiac the Chiller (Mummy Ice Elementalist)        Turns: 336, Time: 00:01:33

Health: -1/19      AC:  2    Str: 11    XL:     2   Next: 20%
Magic:  0/5        EV: 12    Int: 14    God:
Gold:   32         SH:  0    Dex: 12    Spells: 5/6 levels left

rFire    x . .     SeeInvis .   (no weapon)
rCold    + . .     Gourm    .   (no shield)
rNeg     + + +     Faith    .   a - +0 robe
rPois    ∞         Spirit   .   (no helmet)
rElec    .         Reflect  .   (no cloak)
rCorr    .         Harm     .   (no gloves)
MR       .....                  (no boots)
Stlth    ++........             (no amulet)
HPRegen  0.06/turn              (no ring)
MPRegen  0.09/turn              (no ring)

@: no status effects
A: no food or potions, fire vulnerability, cold resistance 1, negative energy
resistance 3, torment resistance, unbreathing
a: no special abilities


You were on level 2 of the Dungeon.
You were not hungry.

You visited 1 branch of the dungeon, and saw 3 of its levels.

You collected 32 gold pieces.

Inventory:

Armour
 a - a +0 robe (worn)
Scrolls
 b - a scroll of identify {!r, unknown}
 c - a scroll of enchant armour {!r, unknown}


   Skills:
 - Level 1.5 Dodging
 - Level 1.5 Stealth
 + Level 2.9 Spellcasting
   Level 0.7 Conjurations
 * Level 2.9 Ice Magic


You had 5 spell levels left.
You knew the following spells:

 Your Spells              Type           Power        Failure   Level  Hunger
a - Freeze                Ice            ##..         6%          1    N/A

Your spell library contained the following spells:

 Spells                   Type           Power        Failure   Level  Hunger
 Throw Frost              Conj/Ice       #.....       16%         2    N/A
 Ozocubu's Armour         Chrm/Ice       #.......     34%         3    N/A
 Throw Icicle             Conj/Ice       #.......     69%         4    N/A
 Summon Ice Beast         Ice/Summ       #.......     75%         4    N/A

Dungeon Overview and Level Annotations

Branches:
Dungeon (3/15)

Altars:

Annotations:
D:2 Jessica


Innate Abilities, Weirdness & Mutations

You do not eat or drink.
Your flesh is vulnerable to fire.
You are immune to poison.
Your flesh is cold resistant. (rC+)
You are immune to negative energy. (rN+++)
You are immune to unholy pain and torment.
You can survive without breathing.


Message History

Confirm with . or Enter, or press ? or * to list all spells.
You don't have enough magic to cast that spell.
Casting: Freeze (safe; 6% risk of failure)
Confirm with . or Enter, or press ? or * to list all spells.
You don't have enough magic to cast that spell.
Jessica is no longer moving quickly.
Jessica casts a spell at you. You resist with some effort.
There is a stone staircase leading down here.
You climb downwards.
You hear the sound of rushing water.
There is an entrance to a sewer on this level.
Hurry and find it before the 4 jackals and a kobold come into view.
The jackal barks! x3; You hear a shout!
Found a ration.
There is a stone staircase leading up here.
The jackal bites you.
You climb upwards.
Level annotation: Jessica Jessica gestures wildly while chanting.
Jessica blinks!
There is a stone staircase leading down here.
Casting: Freeze (safe; 6% risk of failure)
Confirm with . or Enter, or press ? or * to list all spells.
Aiming: Freeze (safe; 6% risk of failure)
Press: ? - help, Shift-Dir - straight line, f - jackal
Aim: a jackal You freeze the jackal.
You kill the jackal!
Jessica closely misses you.
You closely miss Jessica.
Jessica is moderately wounded.
Jessica hits you.
* * * LOW HITPOINT WARNING * * *
You barely miss Jessica.
Jessica is moderately wounded.
Jessica misses you.
Casting: Freeze (safe; 6% risk of failure)
Confirm with . or Enter, or press ? or * to list all spells.
You don't have enough magic to cast that spell.
Jessica gestures wildly while chanting.
Jessica blinks!
Press: ? - help, v - describe, . - travel
Here: Jessica, wearing a glowing robe (moderately wounded)
The floor.
You see here a ration.
Jessica closely misses you.
Casting: Freeze (safe; 6% risk of failure)
Confirm with . or Enter, or press ? or * to list all spells.
Aiming: Freeze (safe; 6% risk of failure)
Press: ? - help, Shift-Dir - straight line, f - Jessica
Aim: Jessica, wearing a glowing robe (moderately wounded)
You freeze Jessica.
Jessica is severely wounded.
Jessica hits you.
* * * LOW HITPOINT WARNING * * *
You barely miss Jessica.
Jessica is severely wounded.
Jessica casts a spell.
Jessica seems to speed up.
You hit Jessica.
Jessica is almost dead.
Jessica hits you.
You die...

###.######
.........####
...(.....##.#
.........##†#
.........#(.#
.######..††.#
#######.###.#
........###.##
#####...##.@.##
#...(...@%.##
#............#
#............#
#............#
##..........##
......##..>##
.#########..#
#..#


You could see Jessica.

Vanquished Creatures
  2 bats
  2 hobgoblins
  A jackal (D:2)
  2 kobolds (D:1)
  A frilled lizard (D:2)
  4 rats
12 creatures vanquished.

Notes
Turn   | Place    | Note
-------+----------+-------------------------------------------
     0 | D:1      | Amnesiac the Mummy Ice Elementalist began the quest for the
                  | Orb.
     0 | D:1      | Reached XP level 1. HP: 13/13 MP: 4/4
   235 | D:2      | Reached XP level 2. HP: 15/19 MP: 2/5
   269 | D:2      | Noticed Jessica
   336 | D:2      | Slain by Jessica

Vault maps used:
D:1:      ncdulo_smallfort
D:2:      first_ration, uniq_jessica
D:3:      cheibrodos_greedy_goblins, gup_sewer_entry_glass,
          minmay_misc_feat_ornament, uniq_crazy_yiuf_cottage, uniq_natasha

Action                   || total
-------------------------++-------
Melee: Unarmed           ||    11
 Cast: Freeze            ||    21
Armor: Robe              ||     3
Dodge: Dodged            ||    21

Table legend:
 A = Non-vault XP
 B = Vault XP
 C = Vault XP percentage of total XP
 D = Non-vault monster count
 E = Vault monster count
 F = Vault count percentage of total count
                 A         B        C        D         E       F
            +---------+---------+-------+---------+---------+-------
      Total |      18 |       0 |   0.0 |      12 |       0 |   0.0
            +---------+---------+-------+---------+---------+-------
        D:1 |      10 |       0 |   0.0 |       6 |       0 |   0.0
        D:2 |       8 |       0 |   0.0 |       6 |       0 |   0.0
            +---------+---------+-------+---------+---------+-------
